[Event "Baltic Zonal 2017"]
[Site "Liepaja"]
[Date "2017.06.18"]
[Round "4"]
[White "Sveshnikov, Vladimir"]
[Black "Brazdzionis, Andrius"]
[Result "1-0"]
[ECO "B09"]
[WhiteElo "2383"]
[BlackElo "2335"]
[Annotator "RC"]
[PlyCount "95"]
[EventDate "2017.??.??"]
[EventType "swiss"]
[EventCountry "LAT"]
[SourceTitle "playchess.com"]
[Source "ChessBase"]
[SourceQuality "1"]
[TimeControl "5400+30"]

1. e4 d6 2. d4 Nf6 3. Nc3 g6 4. f4 Bg7 5. Nf3 O-O 6. Be3 b6 7. Qd2 Bb7 8. e5 Ng4 9. Bg1 c5 10. dxc5 dxe5 11. h3 e4 12. hxg4 exf3 13. O-O-O Qxd2+ 14. Rxd2 fxg2 15. Bxg2 Bxg2 16. Rxg2 Nc6 17. f5 Rfd8 18. Rgh2 bxc5 19. Bxc5 h6 20. fxg6 fxg6 21. Re2 e5 22. Ne4 Rac8 23. c3 Rc7 24. b4 Nb8 25. Kb2 Nd7 26. Rd1 Rdc8 27. Be3 Nf6 28. Nxf6+ Bxf6 29. Rd6 Kg7 30. Ra6 Rxc3 31. Rxa7+ Kg8 32. Ra6 Bg7 33. Rxg6 Kh7 34. Rd6 e4 35. Bd4 Rd3 36. Rxe4 Rxd4 37. Rexd4 Rc4 38. Kb3 Rxd4 39. Rxd4 Bxd4 40. Kc4 Bf2 41. a4 Kg6 42. a5 Kg5 43. b5 Kxg4 44. b6 h5 45. Kb5 Kg3 46. a6 Bxb6 47. Kxb6 h4 48. a7 1-0